 Dungeon Crawl Stone Soup version 0.25-a0-403-g49d089a364 (webtiles) character file.

Game seed: 16424400365690460844, levelgen mode: deterministic

28 Erk the Firebug (level 3, 0/28 HPs)
             Began as a Draconian Fire Elementalist on Jan 9, 2020.
             Slain by an adder (5 damage)
             ... on level 1 of the Dungeon.
             The game lasted 00:03:14 (426 turns).

Erk the Firebug (Draconian Fire Elementalist)        Turns: 426, Time: 00:03:15

Health: 0/28       AC:  5    Str: 10    XL:     3   Next: 0%
Magic:  2/6        EV: 12    Int: 16    God:
Gold:   19         SH:  0    Dex: 11    Spells: 5/6 levels left

rFire    . . .     SeeInvis .   c - +0 club
rCold    . . .     Gourm    .   (no shield)
rNeg     . . .     Faith    .   (armour unavailable)
rPois    .         Spirit   .   (helmet restricted)
rElec    .         Reflect  .   (no cloak)
rCorr    .         Harm     .   (no gloves)
MR       .....                  (no boots)
Stlth    ++........             (no amulet)
HPRegen  0.09/turn              (no ring)
MPRegen  0.10/turn              (no ring)

@: lethally poisoned (0 -> -1)
A: unfitting armour, cold-blooded, AC +5
a: no special abilities


You were on level 1 of the Dungeon.
You were not hungry.

You visited 1 branch of the dungeon, and saw 2 of its levels.

You collected 19 gold pieces.

Inventory:

Hand Weapons
 c - a +0 club (weapon)
Scrolls
 d - 2 scrolls of remove curse {unknown}
Comestibles
 b - a ration


   Skills:
 + Level 1.2 Fighting
 - Level 1.7 Dodging
 - Level 1.7 Stealth
 + Level 2.3 Spellcasting
 + Level 1.6 Conjurations
 + Level 3.3 Fire Magic


You had 5 spell levels left.
You knew the following spells:

 Your Spells              Type           Power        Failure   Level  Hunger
a - Foxfire               Conj/Fire      #...         8%          1    #......

Your spell library contained the following spells:

 Spells                   Type           Power        Failure   Level  Hunger
 Conjure Flame            Conj/Fire      #.......     22%         3    ###....
 Inner Flame              Hex/Fire       #.......     30%         3    ###....
 Sticky Flame             Conj/Fire      #.......     58%         4    #####..
 Fireball                 Conj/Fire      #.........   90%         5    ######.


Dungeon Overview and Level Annotations

Branches:
Dungeon (2/15)

Altars:


Innate Abilities, Weirdness & Mutations

Your plain brown scales are hard. (AC +5)
You cannot fit into any form of body armour.
You are cold-blooded and may be slowed by cold attacks.


Message History

You feel sick. The adder misses you. The kobold closely misses you.
There is a stone staircase leading up here.
You see here a giant cockroach corpse.
You feel sick. The adder closely misses you. The kobold barely misses you.
The adder bites you but does no damage.
You climb upwards.
You feel sick.
There is a stone staircase leading down here.
The adder barely misses you.
You feel sick. The adder barely misses you.
You feel sick. The adder closely misses you.
You feel sick. The adder barely misses you.
You feel sick. The adder barely misses you.
You feel sick. The adder bites you.
You die...

...# ########..........# ##...
#[...##...........# .#.###
.######.#.##...........# .....
..#.# #.#.##...........# ....#
#... #.#.K......>.....#
....######.#####K####.###########
.......#...#...#.# #.#
#..###†#...#.#.#S# ..#
...#.........#.#@# ####
...#######.......# .### ###.#.###
## #....# ####.# .# .# .# ..


You could see an adder and a kobold.

Vanquished Creatures
  An adder (D:2)
  3 bats (D:1)
  4 giant cockroaches
  A goblin (D:1)
  4 hobgoblins (D:1)
  2 kobolds (D:1)
  A frilled lizard (D:1)
16 creatures vanquished.

Vanquished Creatures (others)
  36 foxfires
36 creatures vanquished.

Grand Total: 52 creatures vanquished

Notes
Turn   | Place    | Note
-------+----------+-------------------------------------------
     0 | D:1      | Erk the Draconian Fire Elementalist began the quest for the
                  | Orb.
     0 | D:1      | Reached XP level 1. HP: 14/14 MP: 3/3
   189 | D:1      | Reached XP level 2. HP: 18/22 MP: 3/5
   362 | D:1      | Reached skill level 1 in Fighting
   406 | D:2      | Reached XP level 3. HP: 12/28 MP: 0/6
   426 | D:1      | Slain by an adder

Levels and vault maps discovered:
D:1:      sevenhm_arrival_forest_fort_large_4, layout_basic
D:2:      layout_basic

Skill      XL: |  1  2 |
---------------+-------+-----
Fighting       | 1 |  1.2
Dodging        | |  1.7
Stealth        | |  1.7
Spellcasting   | |  2.3
Conjurations   | |  1.6
Fire Magic     | |  3.3

Action                   || total
-------------------------++-------
Melee: Club              ||    19
       Unarmed           ||     6
       Tailslap          ||     1
 Cast: Foxfire           ||    20
 Stab: Sleeping          ||     1
Armor: Skin              ||    14
Dodge: Dodged            ||    25

Table legend:
 A = Non-vault XP
 B = Vault XP
 C = Vault XP percentage of total XP
 D = Non-vault monster count
 E = Vault monster count
 F = Vault count percentage of total count
                 A         B        C        D         E       F
            +---------+---------+-------+---------+---------+-------
      Total |      41 |       0 |   0.0 |      16 |       0 |   0.0
            +---------+---------+-------+---------+---------+-------
        D:1 |      24 |       0 |   0.0 |      13 |       0 |   0.0
        D:2 |      17 |       0 |   0.0 |       3 |       0 |   0.0
            +---------+---------+-------+---------+---------+-------
